 Dungeon Crawl Stone Soup version 0.30.1-3-gfc49f6343a (webtiles) character file.

Game seed: 18375617533159410659

48 FishyPogo the Firebug (level 3, -4/28 HPs)
             Began as a Draconian Fire Elementalist on Aug 2, 2023.
             Slain by Terence
             ... wielding a +2 heavy falchion
              (5 damage)
             ... on level 2 of the Dungeon.
             The game lasted 00:05:30 (1291 turns).

FishyPogo the Firebug (Draconian Fire Elementalist) Turns: 1291, Time: 00:05:30

Health: -4/28      AC:  5    Str: 10    XL:     3   Next: 50%
Magic:  0/6        EV: 12    Int: 17    God:
Gold:   30         SH:  0    Dex: 11    Spells: 3/6 levels left

rFire   . . .        (no weapon)
rCold   . . .        (no shield)
rNeg    . . .        (body armour unavailable)
rPois   .            (helmet restricted)
rElec   .            (no cloak)
rCorr   .            (no gloves)
SInv    .            (no boots)
Will    +....        (no amulet)
Stlth   ++           h - ring of willpower
HPRegen 0.24/turn    (no ring)
MPRegen 0.10/turn

%: no passive effects
@: very slightly contaminated
A: AC +5, unfitting armour, cold-blooded
a: no special abilities


You were on level 2 of the Dungeon.
You visited 1 branch of the dungeon, and saw 2 of its levels.

You collected 30 gold pieces.

Inventory:

Missiles
 c - 2 stones
Jewellery
 h - a ring of willpower (left hand)
 m - a ring of resist corrosion
Scrolls
 b - a scroll of blinking {unknown}
 e - a scroll of noise {unknown}
 k - a scroll of acquirement {unknown}
 l - a scroll of vulnerability {unknown}
Potions
 d - a potion of attraction {unknown}
 f - a potion of brilliance {unknown}
 g - a potion of invisibility {unknown}
 i - a potion of berserk rage {unknown}
 j - a potion of curing


   Skills:
 + Level 1.0 Fighting
 + Level 2.0 Dodging
 - Level 2.0 Stealth
 + Level 0.5 Unarmed Combat
 + Level 2.2 Spellcasting
 + Level 1.6 Conjurations
 * Level 3.5 Fire Magic


You had 3 spell levels left.
You knew the following spells:

 Your Spells              Type           Power      Damage    Failure   Level
a - Foxfire               Conj/Fire      40%        2x1d6     7%          1
b - Scorch                Fire           26%        2d6       7%          2

Your spell library contained the following spells:

 Spells                   Type           Power      Damage    Failure   Level
 Lesser Beckoning         Tloc           2%         N/A       28%         2
 Inner Flame              Hex/Fire       7%         N/A       28%         3
 Volatile Blastmotes      Fire/Tloc      14%        2d11      28%         3
 Gell's Gravitas          Tloc           1%         N/A       50%         3
 Teleport Other           Tloc           1%         N/A       50%         3
 Flame Wave               Conj/Fire      10%        2d6       54%         4


Dungeon Overview and Level Annotations

Branches:
Dungeon (2/15)

Altars:

Annotations:
D:2 Terence


Innate Abilities, Weirdness & Mutations

Your plain brown scales are hard. (AC +5)
You cannot fit into any form of body armour.
You are cold-blooded and may be slowed by cold attacks.


Message History

Terence hits you with a +2 heavy falchion.
Casting: Foxfire (safe; 7% risk of failure)
Confirm with . or Enter, or press ? or * to list all spells.
You conjure some foxfire!
You closely miss Terence.
Terence is heavily wounded.
The foxfire hits Terence but does no damage.
Terence is heavily wounded.
The foxfire hits Terence but does no damage.
Terence is heavily wounded.
Terence hits you with a +2 heavy falchion!
Ouch! That really hurt!
You hit Terence.
Terence is heavily wounded.
Terence is no longer more vulnerable to fire.
Terence hits you with a +2 heavy falchion!
* * * LOW HITPOINT WARNING * * *
It was a potion of curing.
You feel better.
Your magical contamination has completely faded away.
You hit Terence but do no damage.
Terence is heavily wounded.
Terence barely misses you.
Okay, then.
Magic courses through your body. Terence barely misses you.
Casting: Foxfire (safe; 7% risk of failure)
Confirm with . or Enter, or press ? or * to list all spells.
You miscast Scorch.
You are very lightly contaminated with residual magic.
Nothing appears to happen.
Casting: Scorch (safe; 7% risk of failure)
Confirm with . or Enter, or press ? or * to list all spells.
Flames lash Terence but do no damage.
Terence hits you with a +2 heavy falchion!
* * * LOW HITPOINT WARNING * * *
Casting: Scorch (safe; 7% risk of failure)
Confirm with . or Enter, or press ? or * to list all spells.
Flames lash Terence but do no damage.
A bat comes into view.
Terence hits you with a +2 heavy falchion.
You die...

### .. .. .># . .. #.#
@#.#.. #.# ###......
####§###$b...# ####
#....§...# ...#
#.##§##..# ####.
...######.##.##.@#...:..
....<.....##....@..#
.....#..#...###..###
...#..#...#.# #...
...#......#.....###
)..##....##.#####
...##....# #...##..##
##..##..# .>...####


You could see Terence and a bat (wandering).

Vanquished Creatures
  A gnoll (D:1)
  2 dart slugs (D:1)
  4 bats
  An endoplasm (D:1)
  2 giant cockroaches (D:1)
  6 hobgoblins (D:1)
  7 kobolds (D:1)
  A quokka (D:1)
  4 ball pythons (D:1)
  4 frilled lizards (D:1)
  2 rats (D:1)
34 creatures vanquished.

Vanquished Creatures (others)
  57 foxfires
57 creatures vanquished.

Grand Total: 91 creatures vanquished

Notes
Turn   | Place    | Note
-------+----------+-------------------------------------------
     0 | D:1      | FishyPogo the Draconian Fire Elementalist began the quest
                  | for the Orb.
     0 | D:1      | Reached XP level 1. HP: 14/14 MP: 3/3
   148 | D:1      | Reached XP level 2. HP: 17/20 MP: 1/5
   151 | D:1      | Learned a level 2 spell: Scorch
   733 | D:1      | Reached XP level 3. HP: 27/27 MP: 1/6
   884 | D:1      | Reached skill level 1 in Fighting
  1272 | D:2      | Noticed Terence
  1290 | D:2      | HP: 1/28 [Terence/+2 heavy falchion (13)]
  1291 | D:2      | Slain by Terence

Illustrated notes

Levels and vault maps discovered:
D:1:      sevenhm_arrival_forest_fort_small_5, layout_loops_ring,
          serial_aquarium, aquarium_bridge_long_separate
          [aquarium_subvault_bridge, aquarium_subvault_window,
          aquarium_subvault_window, aquarium_subvault_balcony,
          aquarium_subvault_bridge, aquarium_subvault_wall],
          aquarium_bridge_straight [aquarium_subvault_bridge,
          aquarium_subvault_wall, aquarium_subvault_bridge,
          aquarium_subvault_wall], aquarium_window_fake, aquarium_window_corner,
          aquarium_window_fake, aquarium_window_fake, aquarium_view_2e,
          aquarium_balcony_1b
D:2:      layout_loops_cross, basic_altar, minmay_misc_feat_x, uniq_terence

Skill      XL: |  1  2  3 |
---------------+----------+-----
Stealth        | 2 |  2.0
Dodging        | 2 |  2.0
Fighting       | 1 |  1.0
Unarmed Combat | |  0.5
Spellcasting   | |  2.2
Conjurations   | |  1.6
Fire Magic     | |  3.5

Action                     || total
---------------------------++-------
  Melee: Unarmed           ||    69
         Punch             ||     1
         Tailslap          ||     7
  Throw: Stone             ||     3
   Cast: Foxfire           ||    40
         Scorch            ||     7
    Use: Potion            ||     2
 Armour: Skin              ||    22
  Dodge: Dodged            ||    51
